 Dungeon Crawl Stone Soup version 0.31-a0-4-gefa6de2278 (webtiles) character file.

Game seed: 939940414525014662

509 ryw the Conjurer (level 7, -9/42 HPs)
             Began as an Octopode Hedge Wizard on May 4, 2023.
             Mangled by a hornet (12 damage)
             ... while paralysed by a hornet
             ... on level 5 of the Dungeon.
             The game lasted 00:16:38 (7722 turns).

ryw the Conjurer (Octopode Hedge Wizard)            Turns: 7722, Time: 00:16:38

Health: -9/42      AC:  1    Str: 10    XL:     7   Next: 19%
Magic:  11/11      EV:  2    Int: 21    God:
Gold:   1140       SH:  0    Dex: 17    Spells: 4/12 levels left

rFire   . . .        n - +2 dagger (freeze)
rCold   . . .        (no shield)
rNeg    . . .        h - +0 hat "Wiukh" {Int+3}
rPois   .            (no amulet)
rElec   .            m - ring of resist corrosion
rCorr   +            a - +6 ring of dexterity
SInv    .            (no ring)
Will    .....        (no ring)
Stlth   +++          (no ring)
HPRegen 0.27/turn    (no ring)
MPRegen 0.12/turn    (no ring)
                     (no ring)

%: no passive effects
@: paralysed, slowed
A: almost no armour, amphibious, 8 rings, camouflage 1, gelatinous body 1,
(nimble swimmer 1), tentacles
a: no special abilities


You were on level 5 of the Dungeon.
You visited 1 branch of the dungeon, and saw 5 of its levels.

You collected 1140 gold pieces.

Inventory:

Hand Weapons
 n - a +2 dagger of freezing (weapon)
 t - a +0 vampiric dagger
Armour
 b - a +0 hat
 h - the +0 hat "Wiukh" (worn) {Int+3}
   (You acquired it on level 4 of the Dungeon)

   Int:       It affects your intelligence (+3).
Jewellery
 a - a +6 ring of dexterity (right tentacle)
 m - a ring of resist corrosion (left tentacle)
Scrolls
 d - 2 scrolls of fog
 e - 3 scrolls of enchant weapon
 g - a scroll of blinking
 j - 2 scrolls of teleportation
 q - a scroll of magic mapping {unknown}
 s - a scroll of silence {unknown}
Potions
 c - a potion of magic
 f - a potion of might {unknown}
 i - 2 potions of curing {unknown}
 k - a potion of haste {unknown}
 l - a potion of flight {unknown}
 o - a potion of heal wounds
 r - 2 potions of cancellation {unknown}
 u - a potion of ambrosia {unknown}
 v - a potion of lignification {unknown}


   Skills:
 + Level 0.9 Fighting
 - Level 2.0 Dodging
 - Level 2.7 Stealth
 + Level 3.2 Spellcasting
 - Level 6.8 Conjurations
 + Level 1.5 Summonings
 + Level 1.6 Translocations


You had 4 spell levels left.
You knew the following spells:

 Your Spells              Type           Power      Damage    Failure   Level
a - Magic Dart            Conj           100%       1d8       1%          1
b - Blink                 Tloc           20%        N/A       11%         2
c - Call Imp              Summ           18%        N/A       11%         2
d - Mephitic Cloud        Conj/Pois/Air  12%        N/A       16%         3

Your spell library contained the following spells:

 Spells                   Type           Power      Damage    Failure   Level
 Apportation              Tloc           20%        N/A       7%          1
 Slow                     Hex            12%        N/A       13%         1
 Cigotuvi's Dreadful Rot  Necr/Pois/Air  6%         N/A       21%         2
 Ozocubu's Armour         Ice            3%         N/A       36%         3
 Alistair's Intoxication  Tmut/Pois      2%         N/A       98%         5
 Ozocubu's Refrigeration  Ice            1%         4d7       100%        7


Dungeon Overview and Level Annotations

Branches:
Dungeon (5/15)
 Temple: D:4-7

Altars:

Annotations:
D:5 Grinder


Innate Abilities, Weirdness & Mutations

You cannot wear most types of armour.
You are amphibious.
You can wear up to eight rings at the same time.
Your skin changes colour to match your surroundings (Stealth+).
Your rubbery body absorbs attacks. (AC +1, EV +1)
((You are camouflaged when in or above water. (Stealth+)))
You have tentacles for arms and can constrict up to eight enemies at once.


Message History

a +0 dagger; a +0 robe; an orc corpse Your cerulean imp disappears in a puff of smoke!
You enter the deep water.
HP restored.
There is a stone staircase leading up here.
There is a stone staircase leading down here.
You climb downwards.
Level annotation: Grinder
Found a book of Dangerous Friends.
There is a stone staircase leading up here.
Unknown command.
You climb upwards.
There is a stone staircase leading down here.
Unknown command.
Magic restored.
There is a stone staircase leading up here.
You enter the deep water.
You enter the deep water.
There is an escape hatch in the floor, spattered with blood here.
Things that are here:
a +0 robe; a +0 dagger; an orc corpse You see here a +0 dagger.
There is a stone staircase leading down here.
You climb downwards.
Level annotation: Grinder The white imp barely misses you.
There is a stone staircase leading up here.
The white imp gestures at you. The puff of frost hits you!
The hornet stings you!
You suddenly lose the ability to move!
You stop ascending the stairs.
The hornet barely misses you. The white imp hits you.
The white imp freezes you. The hornet stings you!
* * * LOW HITPOINT WARNING * * *
You feel yourself slow down. The white imp hits you.
* * * LOW HITPOINT WARNING * * *
The white imp freezes you.
* * * LOW HITPOINT WARNING * * *
The hornet stings you!
You die...

..#......# # #
#.....................#
#.#..................^.
......##...............
.......>................
#[................
..##................
....................
#..@5...<.....:#
#...y...#.....##
##.############ .. ..#
..# ##. #.


You could see a hornet and a white imp.

Vanquished Creatures
  A vampire bat (D:4)
  A howler monkey (D:4)
  A hound (D:4)
  A gnoll bouda (D:4)
  An iguana (D:4)
  An orc wizard (D:3)
  A gnoll (D:4)
  4 adders
  2 dart slugs
  3 fire bats (D:4)
  7 orcs
  2 spectral bats (D:4)
  8 ball pythons
  17 bats
  2 bat skeletons (D:4)
  A bat zombie (D:4)
  9 endoplasms
  6 giant cockroaches
  4 goblins
  6 hobgoblins
  6 jackals
  7 kobolds
  2 quokkas (D:4)
  A bat simulacrum (D:4)
  5 frilled lizards
  3 rats
102 creatures vanquished.

Vanquished Creatures (collateral kills)
  An iguana (D:4)
  An orc wizard (D:4)
  3 gnolls (D:4)
  An adder (D:4)
  A bat skeleton (D:4)
  4 jackals (D:4)
11 creatures vanquished.

Grand Total: 113 creatures vanquished

Notes
Turn   | Place    | Note
-------+----------+-------------------------------------------
     0 | D:1      | ryw the Octopode Hedge Wizard began the quest for the Orb.
     0 | D:1      | Reached XP level 1. HP: 11/11 MP: 4/4
   285 | D:1      | Reached XP level 2. HP: 13/17 MP: 0/6
   407 | D:1      | Reached skill level 2 in Conjurations
   671 | D:1      | Learned a level 2 spell: Call Imp
   684 | D:1      | Learned a level 2 spell: Blink
   825 | D:1      | Reached XP level 3. HP: 21/21 MP: 5/7
  1586 | D:2      | Reached skill level 3 in Conjurations
  2477 | D:3      | Learned a level 3 spell: Mephitic Cloud
  2766 | D:3      | Reached XP level 4. HP: 26/27 MP: 1/8
  3691 | D:3      | Reached skill level 4 in Conjurations
  3972 | D:3      | Reached XP level 5. HP: 4/31 MP: 0/9
  4663 | D:4      | Reached skill level 5 in Conjurations
  5457 | D:4      | Reached XP level 6. HP: 36/36 MP: 3/10
  5643 | D:4      | Reached skill level 6 in Conjurations
  7028 | D:4      | Reached XP level 7. HP: 41/41 MP: 6/11
  7416 | D:4      | Identified 2 scrolls of acquirement
  7416 | D:4      | Acquired the +0 hat "Wiukh" {Int+3}
  7564 | D:3      | Acquired 901 gold pieces
  7574 | D:5      | Entered Level 5 of the Dungeon
  7574 | D:5      | Noticed Grinder
  7582 | D:5      | Noticed a hornet
  7720 | D:5      | Paralysed by a hornet for 3 turns
  7722 | D:5      | Mangled by a hornet

Illustrated notes

Levels and vault maps discovered:
D:1:      dpeg_arrival_concentric_ovals, layout_basic, nicolae_eternal_life,
          minmay_hexomino_c4
D:2:      layout_basic
D:3:      layout_basic, serial_glass, glass_columns_b, glass_columns_a
D:4:      layout_loops_ring, grunt_decor_junction, goddamned_bats
D:5:      layout_rooms, grunt_temple_overflow_open,
          minmay_temple_entry_sparse_star, gammafunk_ghost_gnarly_gnolls,
          uniq_grinder

Skill      XL: |  1  2  3  4  5  6 |
---------------+-------------------+-----
Conjurations   | 2 3 4 5 6 |  6.8
Fighting       | |  0.9
Dodging        | |  2.0
Stealth        | |  2.7
Spellcasting   | |  3.2
Summonings     | |  1.5
Translocations | |  1.6

Action                     |  1- 3 |  4- 6 |  7- 9 || total
---------------------------+-------+-------+-------++-------
  Melee: Dagger            |    16 |     8 |       ||    24
         Tentacles         |     5 |       |       ||     5
         Constrict         |     3 |     3 |       ||     6
   Cast: Magic Dart        |   103 |   163 |    19 ||   285
         Call Imp          |       |    24 |     5 ||    29
    Use: Scroll            |       |     4 |     3 ||     7
 Armour: Skin              |     3 |    13 |     6 ||    22
  Dodge: Dodged            |    16 |    54 |    20 ||    90

Table legend: (Time is in decaauts)
 A = Elapsed time spent in this place.
 B = Non-inter-level travel time spent in this place.
 C = Inter-level travel time spent in this place.
 D = Time resting spent in this place.
 E = Time spent auto-exploring this place.
 F = Levels seen in this place.
 G = Mean time per level.
                   A        B        C        D        E       F      G
               +--------+--------+--------+--------+--------+-----+--------+
         Total |   7724 |   7240 |    484 |   1981 |   3939 |   5 | 1544.8 |
       Dungeon |   7724 |   7240 |    484 |   1981 |   3939 |   5 | 1544.8 |
               +--------+--------+--------+--------+--------+-----+--------+

Top non-repeatable levels by time:
     D:4: 3255 daAuts
     D:3: 2016 daAuts
     D:1: 1498 daAuts
     D:2: 944 daAuts
     D:5: 9 daAuts
